 Dungeon Crawl Stone Soup version 0.28-a0-1033-g1a2f33fa85 (webtiles) character file.

Game seed: 421692166970283733

8840 ytrimaz the Martial Artist (level 10, -4/103 HPs)
             Began as a Demigod Transmuter on Dec 7, 2021.
             Slain by a sun demon (27 damage)
             ... summoned by a kobold demonologist
             ... on level 10 of the Dungeon.
             The game lasted 00:13:48 (11399 turns).

ytrimaz the Martial Artist (Demigod Transmuter)    Turns: 11399, Time: 00:13:48

Health: -4/103     AC:  8    Str: 17    XL:     10   Next: 93%
Magic:  31/31      EV: 12    Int: 29    God:
Gold:   538        SH:  5    Dex: 18    Spells: 10/20 levels left

rFire   x . .      SeeInvis .     - Unarmed
rCold   + + +      Faith    .   (shield currently unavailable)
rNeg    . . .      Spirit   .   (armour currently unavailable)
rPois   +          Reflect  +   (helmet currently unavailable)
rElec   .          Harm     .   (cloak currently unavailable)
rCorr   .          Rampage  .   (gloves currently unavailable)
Will    +....                   (boots currently unavailable)
Stlth   ++........              g - amulet "Faydd" {Reflect Regen+ SH+5}
HPRegen 1.07/turn               h - +6 ring of strength
MPRegen 0.22/turn               c - ring of Xom's Passing Interest {MP+9 Dex+4}

@: ice-form
A: freezing attack, amphibious, boosted hp, large, high mp 1, forlorn, divine
attributes, (claws 1), clever 1
a: End Transformation


You were on level 10 of the Dungeon.
You were a creature of crystalline ice.
You visited 2 branches of the dungeon, and saw 11 of its levels.
You also visited: Ossuary.

You collected 538 gold pieces.

Inventory:

Armour
 a - a +0 robe (melded)
Jewellery
 c - the ring of Xom's Passing Interest (right front paw) {MP+9 Dex+4}
   (You acquired it on level 8 of the Dungeon)

   [ring of magical power]

   Dex:       It affects your dexterity (+4).
   MP:        It affects your magic capacity (+9).
 g - the amulet "Faydd" (around neck) {Reflect Regen+ SH+5}
   (You acquired it in an ossuary)

   [amulet of reflection]

   It reflects blocked missile attacks.
   Regen:     It increases your rate of health regeneration.
   SH:        It affects your SH (+5).
 h - a +6 ring of strength (left front paw)
Wands
 p - a wand of polymorph (7)
 v - a wand of flame (15)
 w - a wand of iceblast (6)
 z - a wand of paralysis (9)
Scrolls
 d - 2 scrolls of enchant armour
 e - 2 scrolls of magic mapping
 n - a scroll of holy word
 r - a scroll of vulnerability
 s - a scroll of amnesia
 x - a scroll of enchant weapon
 y - a scroll of fog
Potions
 b - 2 potions of curing
 f - 5 potions of heal wounds
 i - 3 potions of lignification
 j - 2 potions of might {unknown}
 k - 2 potions of invisibility {unknown}
 l - 6 potions of attraction
 m - 2 potions of flight
 o - a potion of haste
 q - a potion of resistance {unknown}
 u - 4 potions of ambrosia


   Skills:
 * Level 7.0 Fighting
 * Level 5.0 Dodging
 - Level 0.7 Shields
 + Level 11.1 Unarmed Combat
 + Level 5.8 Spellcasting
 + Level 5.8 Transmutations
 - Level 0.4 Poison Magic


You had 10 spell levels left.
You knew the following spells:

 Your Spells              Type           Power      Damage    Failure   Level
a - Beastly Appendage     Tmut           84%        N/A       1%          1
b - Spider Form           Tmut/Pois      26%        N/A       4%          3
c - Ice Form              Ice/Tmut       25%        N/A       17%         4
d - Wereblood             Tmut           42%        N/A       1%          2

Your spell library contained the following spells:

 Spells                   Type           Power      Damage    Failure   Level
 Passwall                 Tmut/Erth      20%        N/A       2%          2
 Animate Skeleton         Necr           16%        N/A       6%          1
 Magic Dart               Conj           32%        1d4       6%          1
 Pain                     Necr           32%        1d5       6%          1
 Sandblast                Erth           16%        2d6       6%          1
 Searing Ray              Conj           16%        2d5       9%          2
 Gell's Gravitas          Tloc           8%         N/A       17%         3
 Stone Arrow              Conj/Erth      16%        3d8       17%         3
 Teleport Other           Tloc           8%         N/A       17%         3
 Vampiric Draining        Necr           8%         2d6       17%         3
 Fulminant Prism          Conj/Hex       4%         3d6       50%         4
 Dispersal                Tloc           4%         N/A       100%        6


Dungeon Overview and Level Annotations

Branches:
Dungeon (10/15)            Temple (1/1) D:6            Lair (0/6) D:9
    Orc (0/2) D:9         Ossuary (visited)

Annotations:
D:10 3 runed translucent doors, HuGe's ghost, journeyman MiBe


Innate Abilities, Weirdness & Mutations

You are a creature of crystalline ice.
You have a powerful freezing melee attack.
You are amphibious.
Your maximum health is increased.
Your armour is entirely melded.
You are incapable of wielding weapons or throwing items.
You have an increased reservoir of magic. (+10% MP)
You shall have no god before yourself.
Your divine heritage dramatically boosts your attributes as you level up.
((You have sharp fingernails.))
Your mind is acute. (Int +2)


Message History

Things that are here:
a +0 short sword; a kobold corpse You punch the kobold!
You freeze the kobold.
You kill the kobold!
A kobold demonologist comes into view. It is wielding a +0 dagger.
Things that are here:
a +0 whip; 7 poisoned darts The kobold demonologist mumbles some strange words.
You hear a shout! x2
A kobold comes into view. It is wielding a +0 club.
The kobold demonologist casts a spell.
You hear a shout!
The kobold shouts!
You block the sun demon's attack.
Unknown command.
The sun demon barely misses you.
Things that are here:
a +0 whip; 7 poisoned darts
Things that are here:
a +0 short sword; a kobold corpse You see here 27 sling bullets.
The kobold demonologist mumbles some strange words.
You punch the sun demon! You freeze the sun demon!
The sun demon is heavily wounded.
The sun demon hits you!
You are engulfed in flames!!
The fire burns you terribly!
The kobold demonologist gestures wildly while chanting.
You hit the sun demon but do no damage.
The sun demon is heavily wounded.
The sun demon hits you!!
You are engulfed in flames!!
The fire burns you terribly!
* * * LOW HITPOINT WARNING * * *
You hit the sun demon but do no damage.
The sun demon is heavily wounded.
You block the sun demon's attack.
Unknown command.
The sun demon hits you.
* * * LOW HITPOINT WARNING * * *
You are engulfed in flames!!
The fire burns you terribly!
You die...

.......#
##.......(.........
.......#
#.......#####.....
......##
#........## #..###
......# #.........#
#### ......#
#.........## #
.....##
#..........# #
....># #.#.......##
# ....##
#.#.......# ....#
#Y###....## ..###
#3# ##...# ### #(#
##### ## #K#
...####K# ......#4#
.......5###.#
.......K3...#
...........##


You could see a sun demon (summoned), a rust devil (summoned), a kobold
demonologist, a ynoxinul (summoned), a kobold brigand, a shadow imp (summoned)
and a kobold.

Vanquished Creatures
  A tengu warrior (D:10)
  A skeletal warrior (D:9)
  An unseen horror (D:10)
  Maggie (D:6)
  A troll (D:9)
  A meliai (shapeshifter) (D:7)
  6 slime creatures
  A hornet (D:9)
  A shadow (D:6)
  5 yaks (D:5)
  3 wraiths (D:9)
  3 water moccasins
  2 orc warriors
  2 ice beasts (D:6)
  A black bear (D:6)
  3 necrophages
  An ogre (D:4)
  3 wolves (D:9)
  4 centaurs
  2 phantoms
  6 bullfrogs
  A kobold brigand (D:7)
  A gnoll sergeant (D:5)
  3 scorpions
  4 water moccasin zombies (Ossuary)
  6 killer bees (D:8)
  2 howler monkeys
  5 wights (D:8)
  2 electric eels (D:9)
  2 centaur zombies
  4 hounds (D:9)
  A centaur skeleton (D:5)
  2 orc priests (D:7)
  2 bullfrog skeletons (D:6)
  2 iguanas (D:5)
  6 orc wizards
  2 mummies (Ossuary)
  10 gnolls
  A howler monkey skeleton (D:4)
  9 adders
  2 white imps
  An ufetubus (D:5)
  7 adder zombies (Ossuary)
  2 worms
  A dart slug (D:2)
  20 orcs
  7 ball pythons
  6 endoplasms
  A giant cockroach (D:3)
  4 gnoll zombies (Ossuary)
  9 goblins
  6 hobgoblins
  2 jackals (D:2)
  2 quokkas
  2 bats
  A goblin zombie (D:5)
  7 hobgoblin zombies (Ossuary)
  11 kobolds
  A kobold zombie (Ossuary)
  4 orc zombies (Ossuary)
  9 rats
  A rat zombie (D:5)
220 creatures vanquished.

Vanquished Creatures (others)
  3 fungi (D:10)
3 creatures vanquished.

Grand Total: 223 creatures vanquished

Notes
Turn   | Place    | Note
-------+----------+-------------------------------------------
     0 | D:1      | ytrimaz the Demigod Transmuter began the quest for the Orb.
     0 | D:1      | Reached XP level 1. HP: 15/15 MP: 5/5
    90 | D:1      | Reached skill level 1 in Fighting
   657 | D:2      | Reached skill level 3 in Unarmed Combat
   657 | D:2      | Reached XP level 2. HP: 3/23 MP: 5/7
   799 | D:2      | Reached XP level 3. HP: 24/28 MP: 6/8
   879 | D:2      | Learned a level 3 spell: Spider Form
  1018 | D:2      | Identified a scroll of acquirement
  1018 | D:2      | Acquired a book of Geomancy
  2348 | D:3      | Reached XP level 4. HP: 33/36 MP: 6/10
  3503 | D:4      | Reached skill level 4 in Unarmed Combat
  3503 | D:4      | Reached XP level 5. HP: 41/41 MP: 4/12
  4051 | D:4      | Noticed an ogre
  4057 | D:4      | Killed an ogre
  4058 | D:4      | Reached XP level 6. HP: 50/50 MP: 9/13
  4063 | D:4      | Learned a level 4 spell: Ice Form
  4489 | D:5      | Entered Level 5 of the Dungeon
  4522 | D:5      | Found a sand-covered staircase.
  4530 | Ossuary  | Entered an ossuary
  4592 | Ossuary  | Reached skill level 5 in Unarmed Combat
  5023 | Ossuary  | Reached XP level 7. HP: 50/57 MP: 15/15
  5055 | Ossuary  | Acquired the amulet "Faydd" {Reflect Regen+ SH+5}
  5160 | D:5      | Noticed a yak
  5160 | D:5      | Noticed a yak
  5160 | D:5      | Noticed a yak
  5172 | D:5      | Noticed a yak
  5174 | D:5      | Noticed a yak
  5175 | D:5      | Killed a yak
  5176 | D:5      | Reached skill level 6 in Unarmed Combat
  5186 | D:5      | Killed a yak
  5192 | D:5      | Killed a yak
  5199 | D:5      | Killed a yak
  5200 | D:5      | Reached skill level 7 in Unarmed Combat
  5200 | D:5      | Reached XP level 8. HP: 64/66 MP: 15/17
  5771 | D:5      | Reached skill level 8 in Unarmed Combat
  6184 | D:6      | Noticed Maggie
  6199 | D:6      | Killed Maggie
  6368 | D:6      | Identified the ring "Ybriso" {Ice Stlth+}
  6486 | D:6      | Reached XP level 9. HP: 70/73 MP: 15/19
  6594 | D:6      | Found a staircase to the Ecumenical Temple.
  6612 | D:6      | Reached skill level 5 in Fighting
  6629 | Temple   | Entered the Ecumenical Temple
  7308 | D:6      | Reached skill level 9 in Unarmed Combat
  7823 | D:7      | Reached skill level 5 in Spellcasting
  7827 | D:7      | Identified the +7 broad axe "Rodityr" {flame, Stlth+}
  7994 | D:7      | Reached skill level 5 in Transmutations
  8729 | D:8      | Noticed a salamander
  8812 | D:8      | Reached XP level 10. HP: 83/83 MP: 21/21
  8917 | D:8      | Reached skill level 10 in Unarmed Combat
  9219 | D:8      | Learned a level 2 spell: Wereblood
  9477 | D:9      | Noticed a skeletal warrior
  9477 | D:9      | Found the +5 scythe "Finisher" {speed, eviscerate}
  9512 | D:9      | Gained mutation: You have sharp fingernails. [potion of
                  | mutation]
  9512 | D:9      | Gained mutation: Your mind is acute. (Int +2) [potion of
                  | mutation]
  9520 | D:9      | Killed a skeletal warrior
  9714 | D:9      | Found a staircase to the Lair.
 10126 | D:9      | Acquired the ring of Xom's Passing Interest {MP+9 Dex+4}
 10193 | D:9      | Found a staircase to the Orcish Mines.
 10672 | D:10     | Entered Level 10 of the Dungeon
 10688 | D:10     | Noticed a tengu warrior
 10712 | D:10     | Killed a tengu warrior
 10713 | D:10     | Reached skill level 11 in Unarmed Combat
 11131 | D:10     | Reached skill level 5 in Dodging
 11259 | D:10     | Found a runed translucent gate.
 11260 | D:10     | Found a runed translucent gate.
 11261 | D:10     | Found a runed translucent gate.
 11263 | D:10     | Noticed HuGe's ghost (journeyman MiBe)
 11388 | D:10     | Noticed a sun demon
 11389 | D:10     | Noticed a rust devil
 11399 | D:10     | Slain by a sun demon

Illustrated notes

Levels and vault maps discovered:
D:1:      roderic_crossed_star, layout_loops_ring
D:2:      layout_basic, cheibrodos_gnoll_hut
D:3:      layout_basic, minmay_misc_feat_alley
D:4:      kennysheep_the_goblin_king, layout_loops_corners,
          kennysheep_opposing_triangles
D:5:      layout_basic, enter_ossuary_4
D:6:      layout_layer_cave, minmay_temple_entry_offerings, serial_glass,
          glass_columns_a, glass_columns_a, due_unseen_surprise,
          item_on_display_b, minmay_strange_pillars, feat_on_display,
          grunt_decor_fettered, amcnicky_mini_corridor_feature,
          grunt_ministairs_2, uniq_maggie
D:7:      layout_rooms
D:8:      layout_rooms, mainiacjoe_overflow_catwalk, minmay_between
D:9:      layout_irregular_city, erik_lair_island, orc_0_dummy, minivault_1,
          minmay_guarded_unrand_finisher
D:10:     layout_cave_pods, minitemple, tgw_sif, gammafunk_ghost_nasty_kobolds
Temple:   minmay_crystal_spiral_temple

Skill      XL: |  1  2  3  4  5  6  7  8  9 10 |
---------------+-------------------------------+-----
Fighting       | 1 2 3 4 6 7 |  7.0
Unarmed Combat | 3 4 5 7 8 9 11 | 11.1
Spellcasting   | 2 3 4 5 |  5.8
Transmutations | 2 3 4 5 |  5.8
Dodging        | 2 5 |  5.0
Shields        | |  0.7
Poison Magic   | |  0.4

Action                   |  1- 3 |  4- 6 |  7- 9 | 10-12 || total
-------------------------+-------+-------+-------+-------++-------
Melee: Unarmed           |    94 |   186 |   300 |   180 ||   760
       Kick              |     8 |     1 |       |       ||     9
       Headbutt          |     8 |       |       |       ||     8
       Punch             |     1 |     1 |     2 |     1 ||     5
 Cast: Beastly Appendage |    14 |     2 |       |       ||    16
       Spider Form       |     7 |    14 |    40 |    16 ||    77
       Ice Form          |       |     5 |     3 |     5 ||    13
       Wereblood         |       |       |       |     1 ||     1
  Use: Scroll            |     5 |     2 |    11 |     4 ||    22
       Potion            |     1 |       |       |     4 ||     5
 Stab: Sleeping          |     2 |     3 |       |       ||     5
Armor: Robe              |     6 |     9 |     7 |       ||    22
       Skin              |     1 |    23 |    16 |    11 ||    51
Dodge: Dodged            |    75 |   134 |   209 |   108 ||   526
Block: Other             |       |       |    58 |    38 ||    96
       Reflection        |       |       |     2 |       ||     2

Table legend: (Time is in decaauts)
 A = Elapsed time spent in this place.
 B = Non-inter-level travel time spent in this place.
 C = Inter-level travel time spent in this place.
 D = Time resting spent in this place.
 E = Time spent auto-exploring this place.
 F = Levels seen in this place.
 G = Mean time per level.
                   A        B        C        D        E       F      G
               +--------+--------+--------+--------+--------+-----+--------+
         Total |  11291 |  10953 |    338 |    848 |   8172 |  12 |  940.9 |
       Dungeon |  10504 |  10249 |    255 |    521 |   8027 |  10 | 1050.4 |
        Temple |    214 |    131 |     83 |      0 |    112 |   1 |  214.0 |
       Ossuary |    573 |    573 |      0 |    327 |     33 |   1 |  573.0 |
               +--------+--------+--------+--------+--------+-----+--------+

Top non-repeatable levels by time:
     D:4: 1541 daAuts
     D:2: 1356 daAuts
     D:9: 1315 daAuts
     D:6: 1283 daAuts
     D:5: 1023 daAuts
     D:8: 992 daAuts
     D:3: 974 daAuts
    D:10: 720 daAuts
     D:7: 694 daAuts
     D:1: 602 daAuts
 Ossuary: 573 daAuts
  Temple: 214 daAuts
